 Dungeon Crawl Stone Soup version 0.22-a0-247-gbddf880 (webtiles) character file.

23 Amnesiac the Charlatan (level 2, 0/16 HPs)
             Began as a Deep Elf Artificer on Feb 25, 2018.
             Succumbed to an adder's poison
             ... on level 4 of the Dungeon.
             The game lasted 00:01:43 (364 turns).

Amnesiac the Charlatan (Deep Elf Artificer)          Turns: 364, Time: 00:01:43

Health: 0/16       AC:  3    Str:  9    XL:     2   Next: 72%
Magic:  7/7        EV: 12    Int: 15    God:
Gold:   0          SH:  0    Dex: 15    Spells: 1/1 levels left

rFire    . . .     SeeInvis .   a - +0 short sword
rCold    . . .     Gourm    .   (no shield)
rNeg     . . .     Faith    .   b - +0 leather armour
rPois    .         Spirit   .   (no helmet)
rElec    .         Reflect  .   (no cloak)
rCorr    .         Harm     .   (no gloves)
MR       .....                  (no boots)
Stlth    ++........             (no amulet)
HPRegen  0.05/turn              (no ring)
MPRegen  0.10/turn              (no ring)

@: lethally poisoned (0 -> -8)
A: no striking features
a: no special abilities


You were on level 4 of the Dungeon.
You were not hungry.

You visited 1 branch of the dungeon, and saw 4 of its levels.

Inventory:

Hand Weapons
 a - a +0 short sword (weapon)
Armour
 b - a +0 leather armour (worn)
Wands
 c - a wand of flame (13)
 d - a wand of enslavement (13)
 e - a wand of random effects (15)
Scrolls
 g - a scroll of enchant armour {!r, unknown}
Comestibles
 f - 2 rations
 h - a chunk of flesh


   Skills:
 - Level 0.7 Fighting
 - Level 1.0 Short Blades
 - Level 2.4 Dodging
 - Level 1.2 Stealth
 + Level 4.4 Evocations


You had one spell level left.
You didn't know any spells.

Dungeon Overview and Level Annotations

Branches:
Dungeon (4/15)
 Temple: D:4-7

Altars:

Annotations:
D:1 exclusion: door
D:3 Robin


Message History

You feel less invigorated.
You feel less confused.
You feel sick. The jackal closely misses your adder.
The adder bites your adder.
The adder is poisoned.
Your adder poisons the adder!
The goblin hits you but does no damage. The hobgoblin hits you.
* * * LOW HITPOINT WARNING * * *
The jackal barely misses your adder.
Really quaff
i - a potion of ambrosia {!q}?
You are confused.
You feel invigorated.
The goblin no longer looks unusually strong.
The adder closely misses you. The jackal closely misses your adder.
The goblin hits you but does no damage. The hobgoblin hits you.
* * * LOW HITPOINT WARNING * * *
The adder misses your adder.
The adder dies!
Are you sure you want to stumble around while confused and next to your adder?
Okay, then.
* * * LOW HITPOINT WARNING * * *
You feel sick. The jackal barely misses your adder.
The goblin barely misses you. The hobgoblin closely misses you.
The jackal bites you but does no damage.
Unknown command.
You feel sick.
The hobgoblin no longer looks unusually strong.
The jackal misses your adder. The jackal bites you.
The hobgoblin closely misses you. The goblin closely misses you.
The jackal closely misses your adder.
Unknown command.
You feel less invigorated.
You feel less confused. The jackal closely misses you.
The jackal barely misses your adder. The hobgoblin hits you.
The goblin barely misses you.
You miss the jackal.
The jackal is moderately wounded.
You feel sick. The jackal barely misses you.
The jackal completely misses your adder.
The jackal bites you. The hobgoblin barely misses you.
The jackal barely misses your adder. The goblin hits you but does no damage.
Unknown command.
You hit the jackal.
The jackal is almost dead.
The jackal bites you. The jackal misses your adder. The hobgoblin hits you.
Unknown command.
You hit the jackal but do no damage.
The jackal is almost dead.
You feel sick. The jackal bites you.
* * * LOW HITPOINT WARNING * * *
The goblin hits you but does no damage. The jackal bites your adder.
The hobgoblin hits you.
* * * LOW HITPOINT WARNING * * *
The jackal closely misses you.
Unknown command.
You miss the jackal.
The jackal is almost dead.
The jackal completely misses your adder.
The goblin completely misses you. The jackal barely misses you.
The hobgoblin hits you.
* * * LOW HITPOINT WARNING * * *
The jackal closely misses your adder.
You hit the jackal.
You kill the jackal!
You die...

###
..#####
......#
##g......
#@†S.....
#Sg......
#.h......
#........
.........
.........
.........
..........


You could see a jackal, a hobgoblin, a goblin, a ball python and a friendly
adder (unaware).

Vanquished Creatures
  An adder (D:2)
  A goblin (D:3)
  2 hobgoblins (D:2)
  A jackal (D:4)
  2 frilled lizards (D:2)
  A rat (D:1)
8 creatures vanquished.

Vanquished Creatures (collateral kills)
  An adder (D:4)
  A hobgoblin (D:4)
  A jackal (D:1)
3 creatures vanquished.

Grand Total: 11 creatures vanquished

Notes
Turn   | Place    | Note
-------+----------+-------------------------------------------
     0 | D:1      | Amnesiac the Deep Elf Artificer began the quest for the Orb.
     0 | D:1      | Reached XP level 1. HP: 11/11 MP: 5/5
   127 | D:2      | Reached skill level 4 in Evocations
   127 | D:2      | Reached XP level 2. HP: 11/16 MP: 7/7
   335 | D:3      | Noticed Robin
   364 | D:4      | Succumbed to an adder's poison

Vault maps used:
D:1:      onia_arrival_larder
D:3:      uniq_robin
D:4:      grunt_temple_overflow_lords_of_destruction, uniq_edmund

Skill      XL: |  1 |
---------------+----+-----
Evocations     | 4 |  4.4
Fighting       | |  0.7
Short Blades   | |  1.0
Dodging        | |  2.4
Stealth        | |  1.2

Action                   || total
-------------------------++-------
Melee: Short sword       ||    26
Evoke: Wand              ||     4
  Use: Potion            ||     2
Armor: Leather armour    ||    11
Dodge: Dodged            ||    42

Table legend:
 A = Spawn XP
 B = Non-spawn XP
 C = Spawn XP percentage of total XP
 D = Spawn monster count
 E = Non-spawn monster count
 F = Spawn count percentage of total count
 G = Total turns spent on level
                    A         B        C        D         E        F      G
               +---------+---------+-------+---------+---------+-------+---------
         Total |       0 |      33 |   0.0 |       0 |      11 |   0.0 |   364
               +---------+---------+-------+---------+---------+-------+---------
           D:1 |       0 |       2 |   0.0 |       0 |       2 |   0.0 |    75
           D:2 |       0 |      20 |   0.0 |       0 |       5 |   0.0 |   260
           D:3 |       0 |       2 |   0.0 |       0 |       1 |   0.0 |    10
           D:4 |       0 |       9 |   0.0 |       0 |       3 |   0.0 |    19
               +---------+---------+-------+---------+---------+-------+---------
